 Dungeon Crawl Stone Soup version 0.22-a0-136-g83a10e5 (webtiles) character file.

18923 sankara the Martial Artist (level 12, -18/87 HPs)
             Began as a White Draconian Transmuter on Feb 4, 2018.
             Was a Priest of Hepliaklqana.
             Demolished by a two-headed ogre
             ... wielding a +0 giant club
              (27 damage)
             ... on level 11 of the Dungeon.
             The game lasted 01:00:31 (10441 turns).

sankara the Martial Artist (DrTm)                  Turns: 10441, Time: 01:00:32

Health: -18/87     AC:  2    Str: 12 (13) XL:     12   Next: 32%
Magic:  7/18       EV: 24    Int: 15 (17) God:    Hepliaklqana [***...]
Gold:   613        SH:  0    Dex: 18 (20) Spells: 3/17 levels left

rFire    . . .     SeeInvis .     - Unarmed
rCold    . . .     Gourm    .   (shield currently unavailable)
rNeg     . . .     Faith    .   (armour unavailable)
rPois    x         Spirit   .   (helmet currently unavailable)
rElec    .         Reflect  .   (cloak currently unavailable)
rCorr    .         Harm     .   (gloves currently unavailable)
MR       +....                  (boots currently unavailable)
Stlth    ++........             e - amulet of regeneration
HPRegen  0.64/turn              p - ring of protection from magic
MPRegen  0.16/turn              T - +4 ring of intelligence

@: spider-form, slowed, very slow
A: tiny, (breathe frost), unfitting armour, reduced essence, dopey 1, high mp 1,
AC +8
a: End Transformation, Recall Ancestor, Ancestor Identity, Transference,
Renounce Religion


You were on level 11 of the Dungeon.
You worshipped Hepliaklqana.
Hepliaklqana was most pleased with you.
You were hungry.
You were a venomous arachnid creature.
You visited 2 branches of the dungeon, and saw 12 of its levels.
You also visited: Ossuary and Ice Cave.

You collected 703 gold pieces.
You spent 90 gold pieces at shops.

Inventory:

Hand Weapons
 b - a +2 blowgun
 d - a +0 hunting sling
 l - a +0 dagger
 L - the +4 rapier of Hacking and Slashing {pierce, rElec, unknown}
   (You found it in an ice cave)

   It inflicts extra damage upon your enemies.
   It insulates you from electricity.
Missiles
 a - 63 arrows
 i - 394 stones
 s - 19 poisoned needles
 u - 14 javelins (quivered)
 x - 2 throwing nets
 y - 4 needles of sleeping
 H - 117 sling bullets
 K - 11 tomahawks
Armour
 g - a +1 cloak (melded)
 k - a +0 pair of gloves (melded)
 I - a +0 hat (melded)
Jewellery
 e - an amulet of regeneration (around neck)
 m - an uncursed ring of see invisible
 n - an uncursed ring of flight
 p - a ring of protection from magic (left front leg)
 C - an uncursed ring of stealth
 D - an uncursed ring of protection from fire
 G - an uncursed ring of positive energy
 N - an uncursed ring of positive energy
 O - an uncursed ring of ice
 T - a +4 ring of intelligence (right front leg)
 Y - an uncursed ring of ice
 Z - an uncursed ring of poison resistance
Wands
 o - a wand of acid (16)
 v - a wand of iceblast (11)
 J - a wand of enslavement (8)
 R - a wand of flame (42)
 V - a wand of disintegration (45)
Scrolls
 j - 12 scrolls of identify
 q - 3 scrolls of teleportation
 r - 2 scrolls of blinking
 M - a scroll of fog
 Q - 4 scrolls of remove curse
 S - a scroll of enchant weapon
Potions
 f - a potion of mutation
 w - 2 potions of heal wounds
 z - 2 potions of might
 A - 5 potions of brilliance
 B - 3 potions of curing
 E - a potion of lignification
 F - a potion of degeneration
 P - a potion of agility
 W - a potion of ambrosia {unknown}
Comestibles
 c - 20 rations
 h - 10 chunks of flesh


   Skills:
 + Level 6.8 Fighting
 + Level 5.5 Dodging
 + Level 12.3 Unarmed Combat
 - Level 3.0 Spellcasting
 - Level 12.0 Transmutations
 - Level 5.0 Ice Magic
 - Level 2.0 Poison Magic
 + Level 5.9 Invocations


You had 3 spell levels left.
You knew the following spells:

 Your Spells              Type           Power        Failure   Level  Hunger
b - Sticks to Snakes      Tmut           #####...     2%          2    ##.....
c - Spider Form           Tmut/Pois      ###.......   11%         3    ###....
d - Ice Form              Ice/Tmut       ####....     17%         4    #####..
e - Blade Hands           Tmut           #####.....   13%         5    ######.


Dungeon Overview and Level Annotations

Branches:
Dungeon (11/15)            Temple (1/1) D:4            Lair (0/6) D:11
    Orc: D:9-12

Altars:
Ashenzari
Cheibriados
Dithmenos
Elyvilon
Fedhas
Gozag
Hepliaklqana
Kikubaaqudgha
Makhleb
Nemelex Xobeh
Okawaru
Qazlal
Ru
Sif Muna
Trog
Uskayaw
Vehumet
Wu Jian
Xom
Yredelemnul
Zin
The Shining One


Innate Abilities, Weirdness & Mutations

((You can breathe waves of freezing cold.))
((You can buffet flying creatures when you breathe cold.))
((Your icy white scales are hard. (AC +8)))
You cannot fit into any form of body armour.
((Your flesh is cold resistant. (rC+)))
((You are cold-blooded and may be slowed by cold attacks.))
Your life essence is reduced to manifest your ancestor. (-10% HP)
You are dopey. (Int -2)
You have an increased reservoir of magic. (+10% MP)


Message History

You hit the two-headed ogre. You slash the two-headed ogre.
The two-headed ogre is lightly wounded.
The two-headed ogre hits you with a giant club!
* * * LOW HITPOINT WARNING * * *
The two-headed ogre barely misses you. The two-headed ogre closely misses you.
The two-headed ogre completely misses you.
Your hands revert to their normal proportions.
Your +0 pair of gloves unmelds from your body.
The two-headed ogre hits you with a giant club!
* * * LOW HITPOINT WARNING * * *
The two-headed ogre hits you but does no damage.
Casting: Blade Hands (safe; 4% risk of failure)
Confirm with . or Enter, or press ? or * to list all spells.
You turn into a venomous arachnid creature.
Your +1 cloak melds into your body.
Your +0 hat melds into your body.
Your +0 pair of gloves melds into your body.
The hound barely misses you.
The two-headed ogre hits you with a giant club!!
You die...

.........###)).....#.......
..........#...##...#.##....
#####..)##.##.†............
#...########.##########
#...# #.# #...##### #.#
#.......# #.# #####.......#
#.########## #...#.####s.#
#).........# #).####Oh#
####.##.##.# ###
#..Wh.#W.#### #.##.##.#
.o@S.###..##.......#
#.##..... #..)#.##....##.#
#.#####.# #####.......# #
#.#####.# #.#.....#
#.......# #.........
######### ##.........


You could see a two-headed ogre, a wraith and a hound.

Vanquished Creatures
  A frost giant (IceCv)
  Josephine (D:11)
  A two-headed ogre (D:10)
  Grinder (D:5)
  15 polar bears (IceCv)
  A hornet (D:9)
  2 hippogriffs
  A wraith (D:11)
  Grum (D:8)
  34 yaks
  3 hogs (D:8)
  A human (D:8)
  2 hungry ghosts
  2 water moccasins (D:8)
  The ghost of Tovarisch the Firebug, an amateur DEFE (D:3)
  3 orc warriors
  A sky beast (D:7)
  5 ice beasts
  A phantom (D:9)
  13 wolves
  2 centaurs
  3 ogres
  A crocodile (D:10)
  A big kobold (D:7)
  8 bullfrogs
  4 killer bees (D:9)
  3 vampire bats (D:2)
  3 howler monkeys
  3 crimson imps
  2 bullfrog skeletons
  2 hounds (D:5)
  2 jellies
  A human zombie (Ossuary)
  3 orc priests
  A centaur skeleton (D:10)
  An iguana (D:5)
  Terence (D:2)
  3 worker ants
  8 orc wizards
  2 killer bee zombies
  A hound zombie (D:5)
  3 hound skeletons
  2 mummies (Ossuary)
  A worker ant zombie (D:5)
  5 gnolls
  5 adders
  An ooze (D:3)
  4 adder zombies
  2 adder skeletons
  4 worms
  2 dart slugs
  6 leopard geckos
  29 orcs
  4 bat skeletons (D:2)
  2 bat zombies (D:2)
  8 giant cockroaches
  12 goblins
  7 hobgoblins
  9 jackals
  11 kobolds
  5 quokkas
  3 ball pythons
  8 bats
  3 frilled lizards (D:3)
  2 goblin zombies (Ossuary)
  4 hobgoblin zombies (Ossuary)
  2 kobold zombies (Ossuary)
  A leopard gecko zombie (D:7)
  2 quokka skeletons
  4 quokka zombies
  7 rats
  3 rat zombies (Ossuary)
306 creatures vanquished.

Vanquished Creatures (collateral kills)
  A two-headed ogre (D:10)
  A hippogriff (D:7)
  4 yaks
  An ogre (D:8)
  A necrophage (D:9)
  2 howler monkeys (D:8)
  3 orc wizards
  A gnoll shaman (D:4)
  A jelly (D:7)
  A bullfrog skeleton (D:4)
  An iguana (D:11)
  A worker ant (D:6)
  A mummy (Ossuary)
  4 gnolls
  2 adders
  A worm (D:4)
  A leopard gecko (D:4)
  6 orcs
  A giant cockroach (D:6)
  A goblin (D:4)
  A kobold (D:7)
  A butterfly (D:9)
37 creatures vanquished.

Vanquished Creatures (others)
  3 hexers
3 creatures vanquished.

Grand Total: 346 creatures vanquished

Notes
Turn   | Place    | Note
-------+----------+-------------------------------------------
     0 | D:1      | sankara the Draconian Transmuter began the quest for the Orb.
     0 | D:1      | Reached XP level 1. HP: 16/16 MP: 3/3
   125 | D:1      | Reached XP level 2. HP: 18/23 MP: 3/5
   187 | D:1      | Learned a level 2 spell: Sticks to Snakes
   853 | D:2      | Reached XP level 3. HP: 22/28 MP: 4/6
   869 | D:2      | Learned a level 3 spell: Spider Form
   930 | D:2      | Noticed Terence
   953 | D:2      | Killed Terence
   953 | D:2      | Reached skill level 1 in Poison Magic
  1055 | D:2      | Reached XP level 4. HP: 35/35 MP: 5/7
  1151 | D:2      | Found an ancient bone altar of Kikubaaqudgha.
  1206 | D:2      | Reached XP level 5. HP: 32/40 MP: 2/8
  1763 | D:3      | Found an opulent altar of Gozag.
  1884 | D:3      | Noticed Tovarisch's ghost (amateur DEFE)
  1926 | D:3      | Killed Tovarisch's ghost
  1926 | D:3      | Reached XP level 6. HP: 50/50 MP: 0/9
  2262 | D:3      | Found Zin's Purification Station.
  2264 | D:3      | Found a glowing silver altar of Zin.
  2268 | D:3      | Bought a potion of curing for 90 gold pieces
  2384 | D:3      | Found a deep blue altar of Sif Muna.
  2784 | D:4      | Found a staircase to the Ecumenical Temple.
  2793 | Temple   | Entered the Ecumenical Temple
  3000 | Temple   | Became a worshipper of Hepliaklqana the Forgotten
  3232 | D:4      | Reached skill level 5 in Unarmed Combat
  3270 | D:4      | Found an iron altar of Okawaru.
  3468 | D:4      | Your scales start taking on an icy white colour.
  3468 | D:4      | Reached XP level 7. HP: 26/51 MP: 5/10
  3468 | D:4      | Gained mutation: Your flesh is cold resistant. (rC+) [White Draconian growth]
  3476 | D:4      | Reached skill level 5 in Transmutations
  3548 | D:4      | Learned a level 4 spell: Ice Form
  3569 | D:4      | Found a sacrificial altar of Ru.
  3570 | D:4      | Found a burning altar of Makhleb.
  3728 | D:5      | Entered Level 5 of the Dungeon
  3735 | D:5      | Reached skill level 1 in Ice Magic
  3826 | D:5      | Found an ornate altar of the Wu Jian Council.
  3826 | D:5      | Found a white marble altar of Elyvilon.
  3880 | D:5      | Found a blossoming altar of Fedhas.
  4023 | D:5      | Noticed Grinder
  4027 | D:5      | Paralysed by Grinder for 3 turns
  4032 | D:5      | Paralysed by Grinder for 3 turns
  4040 | D:5      | Killed Grinder
  4178 | D:5      | Reached * piety under Hepliaklqana
  4241 | D:5      | Reached XP level 8. HP: 54/56 MP: 9/11
  4265 | D:5      | Found a sacrificial altar of Ru.
  5015 | D:7      | Found a sand-covered staircase.
  5057 | D:7      | Reached skill level 5 in Ice Magic
  5078 | Ossuary  | Entered an ossuary
  5367 | D:7      | Noticed a hippogriff
  5378 | D:7      | Killed a hippogriff
  5518 | D:7      | Found a snail-covered altar of Cheibriados.
  5531 | D:7      | Reached ** piety under Hepliaklqana
  5532 | D:7      | Remembered your ancestor dino as a hexer
  5553 | D:7      | Reached XP level 9. HP: 61/62 MP: 8/12
  5562 | D:7      | You fall through a shaft for 2 floors!
  5638 | D:9      | Found a shimmering altar of Xom.
  6196 | D:8      | Noticed Grum
  6218 | D:8      | Killed Grum
  6341 | D:8      | Found a shattered altar of Ashenzari.
  6576 | D:8      | Reached XP level 10. HP: 69/69 MP: 10/14
  6612 | D:8      | Learned a level 5 spell: Blade Hands
  7044 | D:8      | Reached skill level 10 in Unarmed Combat
  7052 | D:8      | Reached skill level 10 in Transmutations
  7596 | D:6      | Found a deep blue altar of Sif Muna.
  7642 | D:9      | Reached *** piety under Hepliaklqana
  7935 | D:10     | Entered Level 10 of the Dungeon
  7995 | D:10     | Noticed a two-headed ogre
  8000 | D:10     | Killed a two-headed ogre
  8156 | D:10     | Noticed a two-headed ogre
  8166 | D:10     | Killed a two-headed ogre
  8271 | D:10     | Reached skill level 1 in Invocations
  8271 | D:10     | Reached XP level 11. HP: 29/73 MP: 11/15
  8669 | D:11     | Found a frozen archway.
  8714 | IceCv    | Entered an ice cave
  8752 | IceCv    | HP: 3/134 [wolf (7)]
  8961 | IceCv    | Got a shimmering rapier
  9187 | IceCv    | Reached skill level 5 in Fighting
  9450 | IceCv    | Noticed a frost giant
  9481 | IceCv    | Gained mutation: You are dopey. (Int -2) [potion of mutation]
  9481 | IceCv    | Gained mutation: You have an increased reservoir of magic. (+10% MP) [potion of mutation]
  9492 | IceCv    | Killed a frost giant
  9509 | IceCv    | Reached XP level 12. HP: 20/85 MP: 11/18
  9530 | IceCv    | Reached skill level 5 in Invocations
 10074 | D:11     | Reached skill level 5 in Dodging
 10295 | D:11     | Found a staircase to the Lair.
 10394 | D:11     | Noticed Josephine
 10411 | D:11     | Killed Josephine
 10420 | D:11     | Noticed a two-headed ogre
 10441 | D:11     | Demolished by a two-headed ogre

Vault maps used:
D:1:      evilmike_arrival_hilbert_curve, minmay_misc_feat_four_crosses,
          minivault_14
D:2:      kennysheep_vampire_church, first_ration, uniq_terence
D:3:      zin_purify, lemuel_coloured_pillars_altar, led_sif_pool
D:4:      corexii_shack_village, gammafunk_temple_overflow_pools,
          overflow_temple_1_default, minmay_temple_entry_poolview
D:5:      amethyst_overflow_temple_binary, basic_altar, minmay_misc_feat_x,
          fedhas_altar_fruit_tree, uniq_grinder
D:6:      nicolae_overflow_hidden_temple, kennysheep_generic_room_16
D:7:      cheibriados_altar_1, enter_ossuary_1
D:8:      evilmike_ruin_ashenzari, grunt_livestock, uniq_grum
D:9:      xom_butterflies
D:11:     lair_entry_dummy, portal_ice_cave_entry_pillars_1, uniq_josephine
Temple:   dpeg_chambers_temple
Ossuary:  ossuary_minmay_chase
IceCv:    ice_cave_caverns_03

Skill      XL: |  1  2  3  4  5  6  7  8  9 10 11 12 |
---------------+-------------------------------------+-----
Transmutations | 3 4 5 7 9 11 12 | 12.0
Poison Magic   | 1 2 |  2.0
Unarmed Combat | 4 5 6 7 9 11 12 | 12.3
Dodging        | 2 4 5 |  5.5
Fighting       | 2 3 5 6 |  6.8
Ice Magic      | 3 5 |  5.0
Spellcasting   | 3 |  3.0
Invocations    | 1 4 5 |  5.9

Action                   |  1- 3 |  4- 6 |  7- 9 | 10-12 || total
-------------------------+-------+-------+-------+-------++-------
Melee: Unarmed           |    84 |   213 |   363 |   356 ||  1016
       Kick              |    11 |     1 |     5 |       ||    17
       Headbutt          |     4 |     1 |     2 |       ||     7
       Tailslap          |     5 |    15 |     6 |    27 ||    53
       Punch             |     1 |     3 |       |    12 ||    16
Throw: Javelin           |       |       |     1 |       ||     1
 Cast: Beastly Appendage |    20 |    16 |    12 |       ||    48
       Spider Form       |     1 |    19 |    27 |     1 ||    48
       Sticks to Snakes  |       |     3 |       |     7 ||    10
       Ice Form          |       |       |    10 |    10 ||    20
       Blade Hands       |       |       |       |    23 ||    23
Invok: Ancestor Identity |       |     1 |       |       ||     1
       Recall Ancestor   |       |       |     2 |       ||     2
       Ancestor Life: He |       |       |     1 |       ||     1
 Abil: End Transformatio |       |       |     1 |     2 ||     3
  Use: Scroll            |     2 |       |     7 |     7 ||    16
       Potion            |       |       |       |    13 ||    13
 Stab: Sleeping          |     1 |       |     2 |     1 ||     4
       Distracted        |       |       |     1 |     3 ||     4
       Confused          |       |       |     2 |     2 ||     4
       Invisible         |       |       |       |     5 ||     5
  Eat: Chunk             |     1 |    12 |    16 |    21 ||    50
       Ration            |       |       |       |     1 ||     1
Armor: Skin              |    16 |    96 |    40 |    78 ||   230
Dodge: Dodged            |    59 |   253 |   240 |   175 ||   727

Table legend:
 A = Spawn XP
 B = Non-spawn XP
 C = Spawn XP percentage of total XP
 D = Spawn monster count
 E = Non-spawn monster count
 F = Spawn count percentage of total count
 G = Total turns spent on level
                    A         B        C        D         E        F      G
               +---------+---------+-------+---------+---------+-------+---------
         Total |       0 |   27033 |   0.0 |       0 |     342 |   0.0 | 10441
               +---------+---------+-------+---------+---------+-------+---------
           D:1 |       0 |      36 |   0.0 |       0 |      18 |   0.0 |   822
           D:2 |       0 |     258 |   0.0 |       0 |      26 |   0.0 |   642
           D:3 |       0 |     203 |   0.0 |       0 |      28 |   0.0 |  1306
           D:4 |       0 |     286 |   0.0 |       0 |      27 |   0.0 |   737
           D:5 |       0 |     679 |   0.0 |       0 |      16 |   0.0 |   691
           D:6 |       0 |     214 |   0.0 |       0 |       5 |   0.0 |   432
           D:7 |       0 |    1155 |   0.0 |       0 |      31 |   0.0 |   796
           D:8 |       0 |    2795 |   0.0 |       0 |      36 |   0.0 |  1182
           D:9 |       0 |    1956 |   0.0 |       0 |      44 |   0.0 |   937
          D:10 |       0 |    4481 |   0.0 |       0 |      21 |   0.0 |   734
          D:11 |       0 |    3786 |   0.0 |       0 |      23 |   0.0 |   480
       Ossuary |       0 |     127 |   0.0 |       0 |      21 |   0.0 |   169
         IceCv |       0 |   11057 |   0.0 |       0 |      46 |   0.0 |  1292
               +---------+---------+-------+---------+---------+-------+---------
